 Dungeon Crawl Stone Soup version 0.16-a0-3464-gbd92a9a (webtiles) character file.

28614 Minkie the Spear-Bearer (level 13, -5/122 HPs)
             Began as a Minotaur Fighter on Jan 1, 2015.
             Was a High Priest of Yredelemnul.
             Slain by a death yak (11 damage)
             ... on level 6 of the Lair of Beasts on Jan 2, 2015.
             The game lasted 01:34:14 (17137 turns).

Minkie the Spear-Bearer (Minotaur Fighter)         Turns: 17137, Time: 01:34:15

Health: -5/122     AC: 22    Str: 20    XL:     13   Next: 10%
Magic:  21/21      EV: 11    Int:  5    God:    Yredelemnul [*****.]
Gold:   639        SH: 12    Dex: 16    Spells: 0 memorised, 12 levels left

rFire  + . .     SeeInvis +     h - +1 trident (freeze)
rCold  + . .     Clarity  .     W - +6 chain mail of Abstinence {+Inv MR+ Slay-5 SInv}
rNeg   + . .     SustAb   .     c - +0 shield
rPois  +         Gourm    .     (helmet restricted)
rElec  .         Spirit   .     L - +2 cloak
rCorr  .         Warding  .     o - +0 pair of gloves
rMut   .         Stasis   .     (no boots)
MR     ++...                    (no amulet)
Stlth  ..........               Q - ring "Umoczofi" {rPois rF+ rC+ MR+}
                                s - ring of positive energy

@: very resistant to hostile enchantments, extremely unstealthy
A: retaliatory headbutt, horns 2
a: Animate Dead, Recall Undead Slaves, Injury Mirror, Drain Life, Enslave Soul,
Renounce Religion, Evoke Invisibility


You were on level 6 of the Lair of Beasts.
You worshipped Yredelemnul.
Yredelemnul was extremely pleased with you.
You were not hungry.

You visited 3 branches of the dungeon, and saw 18 of its levels.
You also visited: Volcano.

You collected 1127 gold pieces.
You spent 488 gold pieces at shops.

Inventory:

Hand weapons
 h - a +1 trident of freezing (weapon)
Missiles
 D - 7 javelins (quivered)
Armour
 c - a +0 shield (worn)
 f - a +0 plate armour
 o - a +0 pair of gloves (worn)
 L - a +2 cloak (worn)
 W - the +6 chain mail of Abstinence (worn) {+Inv MR+ Slay-5 SInv}
   (You found it on level 6 of the Lair of Beasts)

   It affects your accuracy and damage with ranged weapons and melee attacks
   (-5).
   It affects your resistance to hostile enchantments.
   It enhances your eyesight.
   It lets you turn invisible.
Jewellery
 s - a ring of positive energy (left hand)
 F - a +3 ring of intelligence
 N - an uncursed ring of ice
 Q - the ring "Umoczofi" (right hand) {rPois rF+ rC+ MR+}
   (You bought it in a shop on level 4 of the Dungeon)

   [ring of protection from cold]

   It protects you from fire.
   It protects you from cold.
   It protects you from poison.
   It affects your resistance to hostile enchantments.
Magical devices
 k - a wand of disintegration (13)
 V - a wand of cold (5)
Scrolls
 b - 5 scrolls of fog {unknown}
 g - 4 scrolls of immolation {unknown}
 i - 3 scrolls of amnesia {unknown}
 j - 5 scrolls of recharging
 m - 2 scrolls of blinking
 n - 4 scrolls of teleportation {unknown}
 q - 3 scrolls of enchant armour {unknown}
 r - 3 scrolls of enchant weapon {unknown}
 v - 7 scrolls of remove curse
 y - 3 scrolls of noise {unknown}
 H - a scroll of brand weapon {unknown}
 I - a scroll of random uselessness {unknown}
 J - a scroll of vulnerability {unknown}
 K - 4 scrolls of fear {unknown}
 U - 2 scrolls of identify
Potions
 a - a potion of resistance
 e - a potion of might
 l - 6 potions of curing
 p - 2 potions of ambrosia {unknown}
 t - a potion of invisibility
 u - 6 potions of agility
 z - 6 potions of berserk rage
 A - 3 potions of cure mutation
 B - a potion of flight
 E - a potion of heal wounds
 G - a potion of poison {unknown}
 M - a potion of brilliance
 O - 2 potions of haste {unknown}
 S - a potion of restore abilities {unknown}
Miscellaneous
 T - a legendary deck of defence
Comestibles
 d - 13 bread rations
 w - 15 fruits
 x - 10 royal jellies
 C - 11 slices of pizza
 P - 2 meat rations
 R - a beef jerky
 X - a chunk of flesh


   Skills:
 + Level 13.4 Fighting
 - Level 14.0 Polearms
 + Level 10.3 Armour
 + Level 6.9 Dodging
 + Level 9.9 Shields
 + Level 8.7 Invocations


You had 12 spell levels left.
You didn't know any spells.

Dungeon Overview and Level Annotations

Branches:
Dungeon (11/15)            Temple (1/1) D:5            Lair (6/8) D:9
 Spider (0/5) Lair:5          Orc (0/4) D:9
  Swamp: Lair:3-6    Shoals: Lair:3-6     Slime: Lair:6-8

Altars:
Ashenzari
Cheibriados
Dithmenos
Elyvilon
Fedhas
Gozag
Kikubaaqudgha
Nemelex Xobeh
Okawaru
Qazlal
Ru
Sif Muna
Trog
Vehumet
Xom
Yredelemnul
Zin
The Shining One

Shops:
D:4 =   D:7 =

Annotations:
D:6 jimeh's ghost, experienced SpAK
Lair:1 exclusion: oklob plant
Lair:5 runed door


Innate Abilities, Weirdness & Mutations

You reflexively headbutt those who attack you in melee.
You have a pair of horns on your head.


Message History

The death yak misses you.
Your vampire is infused with unholy energy.
Your vampire draws life force from the death yak and is healed!
The death yak is moderately wounded.
The death yak snorts and paws the ground.
The death yak barely misses your vampire.
You puncture the death yak! You freeze the death yak.
The death yak is moderately wounded.
The death yak gores your vampire!!
Your vampire is destroyed!
You block the death yak's attack.
You hit the death yak. You freeze the death yak.
The death yak is heavily wounded.
The death yak gores you!!
* * * LOW HITPOINT WARNING * * *
Your shield and chain mail of Abstinence prevent you from hitting the death yak.
The death yak is moderately wounded.
The death yak gores you!
You die...
Your body rises from the dead as a mindless zombie.

..........#
##......##
..........P
#.#......#
........ ..
##......## ...
#......## .
###.....# .(.
#.#...### .....
#....# .....#
##Y..#
......##.@..##
........YYY...##
........Y......#
.............P.#
$..$.......####
...........#
.........###
.>...##.# ...#
##.


You could see 5 death yaks.

Vanquished Creatures
  A hydra (Lair:5)
  2 death yaks
  A hill giant (D:10)
  5 elephants
  A centaur zombie (D:10)
  Joseph (Lair:1)
  A black mamba (Lair:1)
  A torpor snail (Lair:5)
  4 spiny frogs
  2 komodo dragons (Lair:3)
  3 wandering mushrooms (D:10)
  A fire drake (Lair:6)
  2 trolls
  5 blink frogs
  3 fire vortices (Volcano)
  3 basilisks
  A wyvern (D:9)
  2 spriggans
  4 fire elementals (Volcano)
  A hippogriff (Lair:2)
  15 yaks
  2 wolves (Lair:1)
  Menkaure (D:7)
  7 water moccasins
  An orc warrior (D:9)
  4 spiders (Lair:5)
  2 ice beasts
  6 porcupines
  A sky beast (D:8)
  2 necrophages
  2 eyes of draining (D:4)
  A black bear (D:9)
  6 ogres
  A phantom (D:10)
  3 crocodiles
  12 giant frogs
  A scorpion (D:8)
  A water moccasin skeleton (D:5)
  A wyvern skeleton (D:7)
  7 wights
  An electric eel (Lair:5)
  4 crimson imps
  19 killer bees
  2 goliath beetles
  The ghost of Minkie the Vexing, a weakling DEEn (D:3)
  A gnoll shaman (D:7)
  A giant frog zombie (D:5)
  2 jellies
  9 hounds
  2 iguanas
  3 orc priests (D:9)
  A quasit (D:8)
  5 orc wizards
  4 worker ants
  6 sheep
  A hound zombie (D:6)
  A hound skeleton (D:4)
  A mummy (D:9)
  11 gnolls
  15 river rats
  11 adders
  2 giant mites
  A shadow imp (D:8)
  5 worms
  An adder skeleton (D:10)
  2 giant geckos
  36 orcs
  A bat zombie (D:5)
  4 giant cockroaches
  16 goblins
  9 hobgoblins
  15 jackals
  26 kobolds
  7 quokkas
  3 ball pythons
  15 bats
  A giant gecko skeleton (D:9)
  4 giant newts
  A jackal skeleton (D:6)
  2 quokka skeletons (D:5)
  14 rats
  A bush (D:6)
387 creatures vanquished.

Vanquished Creatures (collateral kills)
  2 hydras
  3 death yaks (Lair:5)
  A lindwurm (Lair:5)
  8 elephants
  A black mamba (Lair:3)
  2 spiny frogs
  2 torpor snails (Lair:5)
  4 komodo dragons
  2 blink frogs (Lair:2)
  2 queen bees
  5 yaks
  A wolf (Lair:1)
  5 porcupines
  2 ice beasts
  3 spiders (Lair:5)
  An orc warrior (D:10)
  A boring beetle (Lair:4)
  6 crocodiles
  6 giant frogs
  A big kobold (D:10)
  12 killer bees
  2 goliath beetles (D:10)
  4 iguanas
  3 sheep
  An adder (Lair:3)
  A gnoll (D:9)
  20 river rats
  10 orcs (D:9)
  2 jackals (D:9)
  2 kobolds (D:10)
  2 quokkas
  2 bushes (Lair:1)
  3 fungi
  2 plants
124 creatures vanquished.

Vanquished Creatures (others)
  A phantasmal warrior (Lair:6)
  A death yak zombie (Lair:5)
  A hydra zombie (Lair:2)
  3 flying skulls
  2 vampires (Lair:6)
  3 wraiths
  2 spiny frog zombies
  A komodo dragon zombie (D:9)
  A spider zombie (Lair:5)
  A wyvern zombie (D:9)
  A troll zombie (D:9)
  2 wights
  A wolf zombie (Lair:1)
  A giant frog zombie (D:9)
  A porcupine skeleton (Lair:2)
  4 killer bee zombies (D:10)
  An orc zombie (D:9)
  A river rat skeleton (Lair:3)
  A river rat zombie (Lair:5)
  2 fungi
  2 plants
33 creatures vanquished.

Grand Total: 544 creatures vanquished

Notes
Turn   | Place    | Note
--------------------------------------------------------------
     0 | D:1      | Minkie, the Minotaur Fighter, began the quest for the Orb.
     0 | D:1      | Reached XP level 1. HP: 19/19 MP: 1/1
    82 | D:1      | Reached XP level 2. HP: 24/27 MP: 1/1
   233 | D:1      | Reached skill level 4 in Shields
   740 | D:2      | Reached XP level 3. HP: 33/33 MP: 2/2
  1084 | D:2      | Reached XP level 4. HP: 36/40 MP: 2/2
  1735 | D:3      | Noticed Minkie's ghost (weakling DEEn)
  1764 | D:3      | Killed Minkie's ghost
  1877 | D:3      | Reached XP level 5. HP: 32/47 MP: 2/2
  2320 | D:3      | Reached skill level 5 in Armour
  2627 | D:4      | Found Psaifrom's Jewellery Boutique.
  2752 | D:4      | Reached skill level 5 in Shields
  2905 | D:4      | Reached skill level 5 in Fighting
  2906 | D:4      | Reached XP level 6. HP: 51/56 MP: 3/3
  3022 | D:4      | Found a shattered altar of Ashenzari.
  3023 | D:4      | Found an opulent altar of Gozag.
  3259 | D:4      | Found a bloodstained altar of Trog.
  3259 | D:4      | Noticed an eye of draining
  3259 | D:4      | Noticed an eye of draining
  3278 | D:4      | Killed an eye of draining
  3278 | D:4      | Reached skill level 5 in Polearms
  3289 | D:4      | Killed an eye of draining
  3630 | D:5      | Entered Level 5 of the Dungeon
  3662 | D:4      | Reached skill level 6 in Polearms
  3662 | D:4      | Reached XP level 7. HP: 50/62 MP: 3/3
  3758 | D:5      | Found a staircase to the Ecumenical Temple.
  3783 | Temple   | Entered the Ecumenical Temple
  3954 | D:5      | Reached skill level 7 in Polearms
  4379 | D:5      | Found a glowing golden altar of the Shining One.
  4545 | D:6      | Found a basalt altar of Yredelemnul.
  4546 | D:6      | Found a white marble altar of Elyvilon.
  4585 | D:6      | Found a deep blue altar of Sif Muna.
  4589 | D:6      | Became a worshipper of Yredelemnul the Dark
  4621 | D:6      | Noticed jimeh's ghost (experienced SpAK)
  4985 | D:6      | Reached skill level 8 in Polearms
  5043 | D:6      | Reached XP level 8. HP: 69/73 MP: 3/3
  5361 | D:7      | Reached skill level 9 in Polearms
  5386 | D:7      | Reached skill level 10 in Polearms
  5415 | D:7      | Found Hoedwo's Jewellery Boutique.
  5417 | D:7      | Found an iron altar of Okawaru.
  5665 | D:7      | Reached XP level 9. HP: 66/82 MP: 4/4
  5897 | D:7      | Noticed Menkaure
  5903 | D:7      | Killed Menkaure
  5903 | D:7      | Reached skill level 11 in Polearms
  5960 | D:7      | Got a distressingly furry ring mail
  5971 | D:7      | Identified the cursed -1 ring mail of Nesiq {rPois rC+ rCorr Int+2} (You found it on level 7 of the Dungeon)
  6835 | D:8      | Acquired Yredelemnul's first power
  7124 | D:9      | Found a staircase to the Lair.
  7124 | D:9      | Noticed a spiny frog
  7124 | D:9      | Noticed a komodo dragon
  7152 | D:9      | Killed a spiny frog
  7152 | D:9      | Reached skill level 12 in Polearms
  7152 | D:9      | Reached skill level 1 in Invocations
  7253 | D:9      | Killed a komodo dragon
  7253 | D:9      | Reached skill level 10 in Fighting
  7406 | D:9      | Found a shattered altar of Ashenzari.
  7438 | D:9      | Noticed a six-headed hydra
  7455 | D:9      | Killed a six-headed hydra
  7455 | D:9      | Reached XP level 10. HP: 28/93 MP: 6/8
  7881 | D:8      | Reached skill level 13 in Polearms
  8577 | D:9      | Acquired Yredelemnul's second power
  8661 | D:9      | Found a staircase to the Orcish Mines.
  8911 | D:4      | Bought the ring "Umoczofi" {rPois rF+ rC+ MR+} for 488 gold pieces
  9437 | D:10     | Entered Level 10 of the Dungeon
  9480 | D:10     | Noticed a hill giant
  9499 | D:10     | Killed a hill giant
  9799 | D:10     | Reached skill level 14 in Polearms
  9969 | D:10     | Reached skill level 5 in Invocations
 10009 | D:10     | Upgraded the game from 0.16-a0-3458-g6d2551d to 0.16-a0-3464-gbd92a9a
 10188 | D:10     | Acquired Yredelemnul's third power
 10245 | D:10     | Reached XP level 11. HP: 90/102 MP: 13/13
 10272 | D:10     | Found a staircase to the Lair.
 10768 | Lair:1   | Entered Level 1 of the Lair of Beasts
 10838 | Lair:1   | Noticed Joseph
 10860 | Lair:1   | Killed Joseph
 11308 | Lair:1   | Acquired Yredelemnul's fourth power
 11308 | Lair:1   | Received a gift from Yredelemnul
 11421 | Lair:1   | Reached skill level 1 in Dodging
 11792 | Lair:2   | Received a gift from Yredelemnul
 11935 | Lair:2   | Noticed an eight-headed hydra
 11942 | Lair:2   | Killed an eight-headed hydra
 12399 | Lair:2   | Reached XP level 12. HP: 112/112 MP: 19/19
 13100 | Lair:3   | Received a gift from Yredelemnul
 13327 | Lair:3   | Acquired Yredelemnul's fifth power
 13915 | Lair:4   | Received a gift from Yredelemnul
 14439 | Lair:4   | Reached skill level 5 in Dodging
 14895 | Lair:4   | Received a gift from Yredelemnul
 15297 | Lair:4   | Received a gift from Yredelemnul
 15695 | Lair:5   | Received a gift from Yredelemnul
 15700 | Lair:5   | Found a hole to the Spider Nest.
 15815 | Lair:5   | Received a gift from Yredelemnul
 15997 | Lair:5   | Reached skill level 10 in Armour
 16071 | Lair:5   | Found a dark tunnel.
 16076 | Volcano  | Entered a volcano
 16346 | Lair:5   | Found a runed door.
 16352 | Lair:5   | Noticed a six-headed hydra
 16360 | Lair:5   | Killed a six-headed hydra
 16360 | Lair:5   | Reached XP level 13. HP: 116/122 MP: 20/21
 16556 | Lair:5   | Received a gift from Yredelemnul
 16769 | Lair:6   | Got an encrusted chain mail
 16780 | Lair:6   | Identified the +6 chain mail of Abstinence {+Inv MR+ Slay-5 SInv} (You found it on level 6 of the Lair of Beasts)
 17136 | Lair:6   | HP: 6/122 [death yak (19)]
 17137 | Lair:6   | Slain by a death yak

Action                   |  1- 3 |  4- 6 |  7- 9 | 10-12 | 13-15 || total
-------------------------+-------+-------+-------+-------+-------++-------
Melee: Trident           |   115 |   268 |   483 |   984 |    59 ||  1909
Throw: Javelin           |       |       |       |     8 |       ||     8
Invok: Animate Remains   |       |       |     4 |     3 |       ||     7
       Animate Dead      |       |       |       |    23 |     1 ||    24
       Recall Undead Sla |       |       |       |     1 |       ||     1
  Use: Scroll            |       |       |     9 |     9 |       ||    18
 Stab: Distracted        |       |       |     1 |    18 |       ||    19
  Eat: Chunk             |     1 |     8 |    13 |    29 |     3 ||    54
       Fruit             |       |       |       |     2 |       ||     2
